TOP OF THE 1ST |
Athletic Club KC batting - Pitching for Grafton Middies : LHP António Muńóz
|
Pitching: LHP António Muńóz
|
|
Batting: RHB Pil-joong Pak
|
0-0: Ball 1-0: Ground out 5-3 (Groundball, 56)
|
Batting: RHB Dong-min Cho
|
0-0: Ball 1-0: Foul Ball, location: 2F 1-1: Ball 2-1: Ground out 6-3 (Groundball, 56)
|
Batting: RHB David Edwards
|
0-0: Foul Ball, location: 2F 0-1: Swinging Strike 0-2: Foul Ball, location: 2F 0-2: Foul Ball, location: 2F 0-2: Ball 1-2: Ball 2-2: Foul Ball, location: 2F 2-2: Foul Ball, location: 2F 2-2: Ball 3-2: Strikes out swinging, 2-3 out at first.
|
Top of the 1st over - 0 runs, 0 hits, 0 errors, 0 left on base; Athletic Club KC 0 - Grafton 0 |
BOTTOM OF THE 1ST |
Grafton Middies batting - Pitching for Athletic Club KC : LHP Ash Ibarra
|
Pitching: LHP Ash Ibarra
|
|
Batting: RHB Pedro Santos
|
0-0: Ground out 4-3 (Groundball, 4)
|
Batting: RHB Orlando Reyes
|
0-0: Ball 1-0: Ground out 6-3 (Groundball, 6M)
|
Batting: LHB Mario Ramos
|
0-0: Ball 1-0: Foul Ball, location: 2F 1-1: Fly out, F9 (Flyball, 9)
|
Bottom of the 1st over - 0 runs, 0 hits, 0 errors, 0 left on base; Athletic Club KC 0 - Grafton 0 |
TOP OF THE 2ND |
Athletic Club KC batting - Pitching for Grafton Middies : LHP António Muńóz
|
Batting: SHB Pedro Vázquez
|
0-0: Foul Ball, location: 2F 0-1: Ball 1-1: Ball 2-1: Swinging Strike 2-2: Ground out 5-3 (Groundball, 56S)
|
Batting: LHB Matt Herman
|
0-0: Ball 1-0: Ball 2-0: Ground out 4-3 (Groundball, 4M)
|
Batting: RHB Richard Younger
|
0-0: Called Strike 0-1: Swinging Strike 0-2: Strikes out swinging
|
Top of the 2nd over - 0 runs, 0 hits, 0 errors, 0 left on base; Athletic Club KC 0 - Grafton 0 |
BOTTOM OF THE 2ND |
Grafton Middies batting - Pitching for Athletic Club KC : LHP Ash Ibarra
|
Batting: RHB Stefano Gaddi
|
0-0: Ball 1-0: Swinging Strike 1-1: Fly out, F1 (Line Drive, 13)
|
Batting: LHB Phil MacNamara
|
0-0: DOUBLE (Groundball, 5L)
|
Batting: RHB Carlos Maldonado
|
0-0: Ball 1-0: Ball 2-0: Foul Ball, location: 2F 2-1: Ball 3-1: Called Strike 3-2: Base on Balls
|
Batting: SHB Jack MacAsgill
|
0-0: Called Strike 0-1: Called Strike 0-2: Strikes out looking
|
Batting: SHB Jorge Colomo
|
0-0: Called Strike 0-1: Called Strike 0-2: Strikes out swinging
|
Bottom of the 2nd over - 0 runs, 1 hit, 0 errors, 2 left on base; Athletic Club KC 0 - Grafton 0 |
TOP OF THE 3RD |
Athletic Club KC batting - Pitching for Grafton Middies : LHP António Muńóz
|
Batting: RHB Jesús Vargas
|
0-0: Called Strike 0-1: Ball 1-1: Fly out, F4 (Flyball, 34D)
|
Batting: SHB Eric Moore
|
0-0: Swinging Strike 0-1: Called Strike 0-2: Ball 1-2: Ball 2-2: Strikes out swinging wild pitch, reaches first!
|
Batting: LHB Manuel Domínguez
|
0-0: Ball 1-0: DOUBLE (Line Drive, 7LM) Eric Moore to third Runner from 3rd tries for Home, SAFE, no throw
|
Pinch Runner at 2nd Sul-shik Yu:
|
|
Batting: RHB Pil-joong Pak
|
0-0: Called Strike 0-1: Foul Ball, location: 2F 0-2: Ball 1-2: Fly out, F8 (Flyball, 78D)
|
Batting: RHB Dong-min Cho
|
0-0: Ground out 1-3 (Groundball, 13S)
|
Top of the 3rd over - 1 run, 1 hit, 0 errors, 1 left on base; Athletic Club KC 1 - Grafton 0 |
BOTTOM OF THE 3RD |
Grafton Middies batting - Pitching for Athletic Club KC : LHP Ash Ibarra
|
Now at 1B: Sul-shik Yu
|
|
Batting: LHB Juan Caro
|
0-0: Swinging Strike 0-1: Ball 1-1: Foul Ball, location: 2F 1-2: Foul Ball, location: 2F 1-2: Ball 2-2: Ground out 5-3 (Groundball, 56S)
|
Batting: RHB Pedro Santos
|
0-0: Called Strike 0-1: Ball 1-1: Foul Ball, location: 2F 1-2: SINGLE (Groundball, 6D)
|
Batting: RHB Orlando Reyes
|
0-0: Grounds into double play, 1-6-3 (Groundball, 13S)
|
Bottom of the 3rd over - 0 runs, 1 hit, 0 errors, 0 left on base; Athletic Club KC 1 - Grafton 0 |
TOP OF THE 4TH |
Athletic Club KC batting - Pitching for Grafton Middies : LHP António Muńóz
|
Batting: RHB David Edwards
|
0-0: Ball 1-0: Fly out, F6 (Popup, P)
|
Batting: SHB Pedro Vázquez
|
0-0: Called Strike 0-1: Ball 1-1: Ball 2-1: Swinging Strike 2-2: Strikes out swinging
|
Batting: LHB Matt Herman
|
0-0: Ball 1-0: Ball 2-0: Called Strike 2-1: Ball 3-1: Called Strike 3-2: SINGLE (Flyball, 7LS)
|
Batting: RHB Richard Younger
|
0-0: Called Strike 0-1: Ground out 1-3 (Groundball, 15S)
|
Top of the 4th over - 0 runs, 1 hit, 0 errors, 1 left on base; Athletic Club KC 1 - Grafton 0 |
BOTTOM OF THE 4TH |
Grafton Middies batting - Pitching for Athletic Club KC : LHP Ash Ibarra
|
Batting: LHB Mario Ramos
|
0-0: Called Strike 0-1: Foul Ball, location: 2F 0-2: Strikes out looking
|
Batting: RHB Stefano Gaddi
|
0-0: Hit by Pitch
|
Batting: LHB Phil MacNamara
|
0-0: Foul Ball, location: 2F 0-1: Ball 1-1: Fly out, F6 (Line Drive, 6M)
|
Batting: RHB Carlos Maldonado
|
0-0: SINGLE (Flyball, 8RS) Stefano Gaddi to second Runner from 2nd tries for 3rd, SAFE, throw made to third
|
Batting: SHB Jack MacAsgill
|
0-0: Called Strike 0-1: Ball 1-1: Ground out 5-3 (Groundball, 56)
|
Bottom of the 4th over - 0 runs, 1 hit, 0 errors, 2 left on base; Athletic Club KC 1 - Grafton 0 |
TOP OF THE 5TH |
Athletic Club KC batting - Pitching for Grafton Middies : LHP António Muńóz
|
Batting: RHB Jesús Vargas
|
0-0: Ball 1-0: SOLO HOME RUN (Flyball, 7D), Distance : 401 ft
|
Batting: SHB Eric Moore
|
0-0: Called Strike 0-1: Ball 1-1: Ball 2-1: Swinging Strike 2-2: Foul Ball, location: 2F 2-2: Ball 3-2: DOUBLE (Flyball, 78XD)
|
Batting: SHB Sul-shik Yu
|
0-0: Ball 1-0: Called Strike 1-1: Called Strike 1-2: SINGLE (Groundball, 56D) Eric Moore to third Runner from 3rd tries for Home, SAFE, throw made home
|
Batting: RHB Pil-joong Pak
|
0-0: Bunt missed! 0-1: Sac Bunt - play at first, batter OUT! 3-4 Sul-shik Yu to second
|
Batting: RHB Dong-min Cho
|
0-0: Swinging Strike 0-1: Ball 1-1: Called Strike 1-2: Ball 2-2: Fly out, F9 (Flyball, 9)
|
Batting: RHB David Edwards
|
0-0: Ball 1-0: Ball 2-0: Fly out, F8 (Flyball, 78XD)
|
Top of the 5th over - 2 runs, 3 hits, 0 errors, 1 left on base; Athletic Club KC 3 - Grafton 0 |
BOTTOM OF THE 5TH |
Grafton Middies batting - Pitching for Athletic Club KC : LHP Ash Ibarra
|
Batting: SHB Jorge Colomo
|
0-0: Called Strike 0-1: Ground out 1-3 (Groundball, 13S)
|
Batting: LHB Juan Caro
|
0-0: Ball 1-0: Foul Ball, location: 2F 1-1: Foul Ball, location: 2F 1-2: Foul Ball, location: 2F 1-2: Ball 2-2: Ball 3-2: Strikes out swinging
|
Batting: RHB Pedro Santos
|
0-0: SINGLE (Groundball, 15) (infield hit)
|
Batting: RHB Orlando Reyes
|
0-0: Called Strike 0-1: Called Strike 0-2: Foul Ball, location: 2F 0-2: Ball 1-2: Foul Ball, location: 2F 1-2: Ground out 4-3 (Groundball, 4)
|
Bottom of the 5th over - 0 runs, 1 hit, 0 errors, 1 left on base; Athletic Club KC 3 - Grafton 0 |
TOP OF THE 6TH |
Athletic Club KC batting - Pitching for Grafton Middies : LHP António Muńóz
|
Batting: SHB Pedro Vázquez
|
0-0: Ball 1-0: Ball 2-0: Fly out, F9 (Flyball, 9LD)
|
Batting: LHB Matt Herman
|
0-0: Foul Ball, location: 2F 0-1: Ball 1-1: Ball 2-1: Foul Ball, location: 2F 2-2: Ball 3-2: Strikes out swinging
|
Batting: RHB Richard Younger
|
0-0: Ball 1-0: Ball 2-0: Ball 3-0: Called Strike 3-1: Base on Balls
|
Batting: RHB Jesús Vargas
|
0-0: Ball 1-0: Ball 2-0: Called Strike 2-1: Foul Ball, location: 2F 2-2: Foul Ball, location: 2F 2-2: Strikes out swinging
|
Top of the 6th over - 0 runs, 0 hits, 0 errors, 1 left on base; Athletic Club KC 3 - Grafton 0 |
BOTTOM OF THE 6TH |
Grafton Middies batting - Pitching for Athletic Club KC : LHP Ash Ibarra
|
Batting: LHB Mario Ramos
|
0-0: Called Strike 0-1: Ball 1-1: Ball 2-1: Foul Ball, location: 2F 2-2: DOUBLE (Line Drive, 7LD)
|
Batting: RHB Stefano Gaddi
|
0-0: Ball 1-0: Called Strike 1-1: Called Strike 1-2: Ball 2-2: Foul Ball, location: 2F 2-2: Fly out, F8 (Flyball, 8LM)
|
Batting: LHB Phil MacNamara
|
0-0: Called Strike 0-1: Called Strike 0-2: Ball 1-2: Strikes out swinging
|
Batting: RHB Carlos Maldonado
|
0-0: Ground out 5-3 (Groundball, 56S)
|
Bottom of the 6th over - 0 runs, 1 hit, 0 errors, 1 left on base; Athletic Club KC 3 - Grafton 0 |
TOP OF THE 7TH |
Athletic Club KC batting - Pitching for Grafton Middies : LHP António Muńóz
|
Batting: SHB Eric Moore
|
0-0: Ground out 1-3 (Groundball, 13)
|
Batting: SHB Sul-shik Yu
|
0-0: Ground out 5-3 (Groundball, 5)
|
Batting: RHB Pil-joong Pak
|
0-0: Ball 1-0: Foul Ball, location: 2F 1-1: Swinging Strike 1-2: Fly out, F7 (Line Drive, 78S)
|
Top of the 7th over - 0 runs, 0 hits, 0 errors, 0 left on base; Athletic Club KC 3 - Grafton 0 |
BOTTOM OF THE 7TH |
Grafton Middies batting - Pitching for Athletic Club KC : LHP Ash Ibarra
|
Batting: SHB Jack MacAsgill
|
0-0: Ball 1-0: Ball 2-0: Called Strike 2-1: Ball 3-1: Base on Balls
|
Batting: SHB Jorge Colomo
|
0-0: Ball 1-0: Ball 2-0: Sac Bunt - play at first, batter OUT! 1-4 Jack MacAsgill to second
|
Batting: LHB Juan Caro
|
0-0: Fly out, F7 (Flyball, 7LSF)
|
Batting: RHB Pedro Santos
|
0-0: Called Strike 0-1: Foul Ball, location: 2F 0-2: Ball 1-2: DOUBLE (Line Drive, 8RD) Jack MacAsgill scores
|
Batting: RHB Orlando Reyes
|
0-0: Called Strike 0-1: Called Strike 0-2: Ball 1-2: Ball 2-2: Ball 3-2: Foul Ball, location: 2F 3-2: Strikes out swinging
|
Bottom of the 7th over - 1 run, 1 hit, 0 errors, 1 left on base; Athletic Club KC 3 - Grafton 1 |
TOP OF THE 8TH |
Athletic Club KC batting - Pitching for Grafton Middies : LHP António Muńóz
|
Batting: RHB Dong-min Cho
|
0-0: Ball 1-0: Ball 2-0: Ball 3-0: Called Strike 3-1: SINGLE (Groundball, 6D)
|
Pitching: RHP Francis Cahill
|
|
Batting: RHB David Edwards
|
0-0: Fly out, F8 (Flyball, 8RM)
|
Batting: SHB Pedro Vázquez
|
0-0: Ball 1-0: Fielders Choice at 2nd, 3-6 (Groundball, 3)
|
Batting: LHB Matt Herman
|
0-0: Ball 1-0: Foul Ball, location: 2F 1-1: Foul Ball, location: 2F 1-2: Ball 2-2: Foul Ball, location: 2F 2-2: Strikes out swinging
|
Top of the 8th over - 0 runs, 1 hit, 0 errors, 1 left on base; Athletic Club KC 3 - Grafton 1 |
BOTTOM OF THE 8TH |
Grafton Middies batting - Pitching for Athletic Club KC : LHP Ash Ibarra
|
Batting: LHB Mario Ramos
|
0-0: Swinging Strike 0-1: Fly out, F7 (Flyball, 7S)
|
Batting: RHB Stefano Gaddi
|
0-0: Ball 1-0: Foul Ball, location: 2F 1-1: Foul Ball, location: 2F 1-2: Foul Ball, location: 2F 1-2: Ground out 5-3 (Groundball, 56)
|
Batting: LHB Phil MacNamara
|
0-0: Ground out 1-3 (Groundball, P)
|
Bottom of the 8th over - 0 runs, 0 hits, 0 errors, 0 left on base; Athletic Club KC 3 - Grafton 1 |
TOP OF THE 9TH |
Athletic Club KC batting - Pitching for Grafton Middies : RHP Francis Cahill
|
Batting: RHB Richard Younger
|
0-0: Ground out 5-3 (Groundball, 56S)
|
Batting: RHB Jesús Vargas
|
0-0: SINGLE (Flyball, 7LS)
|
Batting: SHB Eric Moore
|
0-0: Called Strike 0-1: Ball 1-1: Ball 2-1: Ball 3-1: SINGLE (Line Drive, 8LS) Jesús Vargas to second
|
Batting: SHB Sul-shik Yu
|
0-0: Fielders Choice at 2nd, 4-6 (Groundball, 4M) Jesús Vargas to third
|
Batting: RHB Pil-joong Pak
|
0-0: Swinging Strike 0-1: Ball 1-1: Fly out, F9 (Flyball, 9LM)
|
Top of the 9th over - 0 runs, 2 hits, 0 errors, 2 left on base; Athletic Club KC 3 - Grafton 1 |
BOTTOM OF THE 9TH |
Grafton Middies batting - Pitching for Athletic Club KC : LHP Ash Ibarra
|
Batting: RHB Carlos Maldonado
|
0-0: Called Strike 0-1: Ball 1-1: Foul Ball, location: 2F 1-2: Foul Ball, location: 2F 1-2: Ball 2-2: SOLO HOME RUN (Flyball, 78XD), Distance : 437 ft
|
Pitching: RHP Hi-sang Pak
|
|
Pinch Hitting: RHB Lúcio López
|
0-0: Foul Ball, location: 2F 0-1: Ball 1-1: Ball 2-1: Foul Ball, location: 2F 2-2: Ball 3-2: Foul Ball, location: 2F 3-2: Foul Ball, location: 2F 3-2: SOLO HOME RUN (Flyball, 9LD), Distance : 347 ft
|
Batting: SHB Jorge Colomo
|
0-0: Ball 1-0: Ball 2-0: Foul Ball, location: 2F 2-1: Called Strike 2-2: Strikes out looking
|
Pinch Hitting: RHB Cristo González
|
0-0: Called Strike 0-1: Ball 1-1: Reached on error, E5 (Groundball, 56)
|
Batting: RHB Pedro Santos
|
0-0: Ball 1-0: SINGLE (Line Drive, 9LS) Cristo González to second Runner from 2nd tries for 3rd, SAFE, no throw
|
Batting: RHB Orlando Reyes
|
0-0: Ball 1-0: Ball 2-0: Foul Ball, location: 2F 2-1: Ball Pedro Santos steals 2nd base 3-1: Intentional Walk
|
Batting: LHB Mario Ramos
|
0-0: Ball 1-0: Called Strike 1-1: Fly out, F9 (Flyball, 9LS)
|
Batting: RHB Stefano Gaddi
|
0-0: Swinging Strike 0-1: Foul Ball, location: 2F 0-2: Ball 1-2: Ball 2-2: Strikes out looking
|
Bottom of the 9th over - 2 runs, 3 hits, 1 error, 3 left on base; Athletic Club KC 3 - Grafton 3 |
TOP OF THE 10TH |
Athletic Club KC batting - Pitching for Grafton Middies : RHP Francis Cahill
|
Pitching: RHP Kenete Daku
|
|
Now at 3B: Cristo González
|
|
Now in CF: Ramón Gómez
|
|
Batting: RHB Dong-min Cho
|
0-0: Ball 1-0: Ball 2-0: Called Strike 2-1: Foul Ball, location: 2F 2-2: Strikes out swinging
|
Batting: RHB David Edwards
|
0-0: Ball 1-0: Swinging Strike 1-1: Foul Ball, location: 2F 1-2: Strikes out swinging
|
Batting: SHB Pedro Vázquez
|
0-0: Called Strike 0-1: Ball 1-1: SINGLE (Line Drive, 8LS)
|
Batting: LHB Matt Herman
|
0-0: Ball Pedro Vázquez steals 2nd base 1-0: Swinging Strike 1-1: Foul Ball, location: 2F 1-2: Ball 2-2: Foul Ball, location: 2F 2-2: Strikes out swinging, 2-3 out at first.
|
Top of the 10th over - 0 runs, 1 hit, 0 errors, 1 left on base; Athletic Club KC 3 - Grafton 3 |
BOTTOM OF THE 10TH |
Grafton Middies batting - Pitching for Athletic Club KC : RHP Hi-sang Pak
|
Pitching: LHP Daniel Katz
|
|
Batting: LHB Phil MacNamara
|
0-0: Ball 1-0: Ball 2-0: SINGLE (Groundball, 6M) (infield hit)
|
Batting: RHB Carlos Maldonado
|
0-0: Fly out, F8 (Flyball, 8LD)
|
Batting: RHB Ramón Gómez
|
0-0: Foul Ball, location: 2F 0-1: Foul Ball, location: 2F 0-2: Strikes out swinging
|
Batting: SHB Jorge Colomo
|
0-0: Ball 1-0: Called Strike 1-1: Swinging Strike 1-2: Ball 2-2: Ball 3-2: Ground out 4-3 (Groundball, 4)
|
Bottom of the 10th over - 0 runs, 1 hit, 0 errors, 1 left on base; Athletic Club KC 3 - Grafton 3 |
TOP OF THE 11TH |
Athletic Club KC batting - Pitching for Grafton Middies : RHP Kenete Daku
|
Batting: RHB Richard Younger
|
0-0: Ball 1-0: Foul Ball, location: 2F 1-1: Foul Ball, location: 2F 1-2: DOUBLE (Groundball, 5L)
|
Batting: RHB Jesús Vargas
|
0-0: Called Strike 0-1: Ball 1-1: Called Strike 1-2: Ball 2-2: Fly out, F8 (Flyball, 8LM)
|
Batting: SHB Eric Moore
|
0-0: Intentional Walk
|
Batting: SHB Sul-shik Yu
|
0-0: SINGLE (Groundball, 34D) Richard Younger to third Eric Moore to second Runner from 3rd tries for Home, SAFE, no throw
|
Batting: RHB Pil-joong Pak
|
0-0: Ball Passed Ball! Eric Moore to third Sul-shik Yu to second 1-0: Foul Ball, location: 2F 1-1: Ground out 4-3 (Groundball, 4)
|
Batting: RHB Dong-min Cho
|
0-0: Ball 1-0: Swinging Strike 1-1: Ball 2-1: Fly out, F7 (Flyball, 78D)
|
Top of the 11th over - 1 run, 2 hits, 0 errors, 2 left on base; Athletic Club KC 4 - Grafton 3 |
BOTTOM OF THE 11TH |
Grafton Middies batting - Pitching for Athletic Club KC : LHP Daniel Katz
|
Batting: RHB Cristo González
|
0-0: Ball 1-0: Ball 2-0: Called Strike 2-1: Swinging Strike 2-2: Ball 3-2: Foul Ball, location: 2F 3-2: Foul Ball, location: 2F 3-2: Base on Balls
|
Batting: RHB Pedro Santos
|
0-0: Ball 1-0: Ball 2-0: Ball 3-0: Base on Balls Cristo González to second
|
Batting: RHB Orlando Reyes
|
0-0: Ball 1-0: Ball 2-0: Called Strike 2-1: Bunted foul 2-2: Fly out, F4 (Popup, 4)
|
Batting: LHB Mario Ramos
|
0-0: Ball 1-0: Called Strike 1-1: Swinging Strike 1-2: Ball 2-2: Fly out, F8 (Flyball, 8RXD) Runner from 2nd tags up, SAFE at 3rd, no throw
|
Batting: RHB Stefano Gaddi
|
0-0: Foul Ball, location: 2F 0-1: Swinging Strike 0-2: Strikes out swinging
|
Bottom of the 11th over - 0 runs, 0 hits, 0 errors, 2 left on base; Athletic Club KC 4 - Grafton 3 |
|